AoeStats
← Wgonzalez079389

Nomad

510475070Analyzed
4v4 RM · 1d ago on Oct 1, 2026· 38m 19s· 8 players
Game mode
Random Map
Map size
231×231
Population
200
Speed
Normal
Resources
Standard
Victory
Conquest
Starting age
Dark Age
Ending age
Imperial Age
RankedLock teamsTeams togetherTeam positionsShared explorationLock speedFull tech treeHidden civsTurbo modeCheats
Victory
Defeat
🇵🇪 Dravidians · Peru
1092
+14
🇩🇪 Danes · Germany
1087
+14
🇺🇸 Vietnamese · United States
1079
+15
🇨🇳 Persians · China
1014
+17
🇳🇮 Vietnamese · Nicaragua
1083
-16
🇺🇸 Bohemians · United States
1068
-16
🇺🇸 Dravidians · United States
1045
-15
1004
-13
Alphamax1984
15:21 Feudal Age
18:17 Loom
20:38 Castle Age
20:04 Double-Bit Axe
20:05 Horse Collar
22:20 Stone Mining
23:28 Gold Mining
24:56 Bow Saw
32:40 Wheelbarrow
32:46 Heavy Plow
33:54 Hand Cart
35:08 Pikeman
MYTH NICAZ
6:35 Loom
12:58 Feudal Age
17:58 Castle Age
16:25 Double-Bit Axe
16:24 Fishing Lines
23:17 Fletching
32:23 Imperial Age
32:29 Fervor
34:27 Wheelbarrow
37:42 Chemistry
[HDAO] Adrian el del eich
6:18 Loom
15:53 Feudal Age
17:00 Double-Bit Axe
20:17 Castle Age
18:14 Fishing Lines
22:29 Medium Warships
22:35 Gold Mining
23:44 Wheelbarrow
23:24 Bow Saw
37:14 Imperial Age
35:12 Horse Collar
36:12 Gold Shaft Mining
37:16 Hand Cart
Wgonzalez079389
2:59 Loom
15:36 Feudal Age
22:28 Castle Age
25:22 Wheelbarrow
28:09 Hand Cart
27:36 Elite Skirmisher
28:38 Fletching
31:24 Double-Bit Axe
31:20 Horse Collar
32:43 Bodkin Arrow
36:35 Forging
haspirits
3:45 Loom
14:43 Feudal Age
15:13 Double-Bit Axe
23:11 Castle Age
24:10 Wheelbarrow
24:08 Fletching
24:55 Fishing Lines
25:34 Medium Warships
34:17 Horse Collar
35:24 Town Watch
36:52 Heavy Plow
39:57 Imperial Age
JK_TheBest
3:51 Loom
12:29 Feudal Age
13:48 Wheelbarrow
13:01 Double-Bit Axe
20:35 Castle Age
19:11 Gold Mining
19:25 Stone Mining
21:35 Medium Warships
25:15 Horse Collar
28:50 Heavy Plow
30:03 Bow Saw
30:38 Fishing Lines
34:06 Imperial Age
32:22 Gillnets
33:05 Fletching
33:16 Padded Archer Armor
34:35 Bodkin Arrow
35:17 Thumb Ring
36:24 Ballistics
38:38 Chemistry
37:01 Elite Elephant Archer
37:50 Bracer
39:03 Leather Archer Armor
steffens-spieleadresse
5:07 Loom
14:36 Feudal Age
15:03 Man-at-Arms
17:13 Wheelbarrow
17:33 Arson
25:20 Castle Age
23:44 Scale Mail Armor
23:38 Fletching
23:49 Scale Mail Armor
25:00 Stone Mining
25:05 Double-Bit Axe
25:34 Arson
31:20 Bow Saw
34:03 Bodkin Arrow
34:09 Padded Archer Armor
34:36 Scale Mail Armor
34:46 Forging
36:28 Leather Archer Armor
36:28 Chain Mail Armor
36:24 Forging
猪头
9:26 Loom
13:35 Feudal Age
18:13 Castle Age
18:13 Double-Bit Axe
18:08 Horse Collar
18:23 Gold Mining
20:04 Forging
20:21 Fishing Lines
21:16 Bloodlines
22:50 Scale Barding Armor
23:14 Husbandry
23:37 Bow Saw
25:05 Wheelbarrow
24:15 Town Watch
32:16 Heavy Plow
33:19 Stone Mining
34:57 Chain Barding Armor
35:47 Iron Casting
38:06 Gold Shaft Mining
40:58 Imperial Age
Connection lost

Rejoining the realm…

Still unreachable

The connection could not be restored.

Session expired

The server has moved on; the page needs a fresh start.